 Dungeon Crawl Stone Soup version 0.19.0 (webtiles) character file.

820 AlphabetPasta the Conjurer (level 7, -1/50 HPs)
             Began as a Demigod Wizard on Nov 6, 2016.
             Slain by a gnoll
             ... wielding a +1 whip of electrocution
              (9 damage)
             ... on level 5 of the Dungeon.
             The game lasted 00:25:13 (8237 turns).

AlphabetPasta the Conjurer (Demigod Wizard)         Turns: 8237, Time: 00:25:14

Health: -1/50      AC:  4    Str: 10    XL:     7   Next: 36%
Magic:  7/17       EV: 12    Int: 26    God:
Gold:   173        SH:  0    Dex: 14    Spells: 5 memorised, 4 levels left

rFire  . . .     SeeInvis .     e - +0 spear
rCold  . . .     Gourm    .     a - +0 robe
rNeg   . . .     Faith    .     (no shield)
rPois  .         Spirit   .     b - +0 hat
rElec  .         Reflect  .     k - +1 cloak
rCorr  .         Harm     .     (no gloves)
MR     .....                    (no boots)
Stlth  ++........               (no amulet)
                                (no ring)
                                (no ring)

@: repel missiles
A: high mp 1
a: no special abilities


You were on level 5 of the Dungeon.
You were not hungry.

You visited 1 branch of the dungeon, and saw 5 of its levels.

You collected 173 gold pieces.

Inventory:

Hand Weapons
 e - a +0 spear (weapon)
Armour
 a - a +0 robe (worn)
 b - a +0 hat (worn)
 k - a +1 cloak (worn)
Wands
 h - a wand of digging (7/24)
 m - a wand of enslavement (20/24)
Scrolls
 j - 2 scrolls of identify
 n - a scroll of remove curse
Potions
 i - a potion of heal wounds
 o - a potion of curing
Books
 c - a book of Minor Magic

   Spells                             Type                      Level
   a - Magic Dart                     Conjuration                  1
   b - Blink                          Translocation                2
   c - Call Imp                       Summoning                    2
   d - Repel Missiles                 Charms/Air                   2
   e - Slow                           Hexes                        2
   f - Conjure Flame                  Conjuration/Fire             3
   g - Mephitic Cloud                 Conjuration/Poison/Air       3
Comestibles
 d - 3 bread rations
 g - a beef jerky
 l - 2 meat rations


   Skills:
 - Level 1.7 Dodging
 - Level 1.7 Stealth
 * Level 4.6 Spellcasting
 * Level 4.8 Conjurations
   Level 0.8 Summonings
 - Level 0.8 Translocations
 + Level 2.6 Fire Magic
 + Level 3.1 Air Magic


You had 4 spell levels left.
You knew the following spells:

 Your Spells              Type           Power        Failure   Level  Hunger
a - Magic Dart            Conj           ####         1%          1    None
b - Blink                 Tloc           N/A          10%         2    None
c - Repel Missiles        Chrm/Air       ##....       10%         2    None
d - Conjure Flame         Conj/Fire      ####....     8%          3    ##.....
e - Mephitic Cloud        Conj/Pois/Air  ###.....     10%         3    ##.....


Dungeon Overview and Level Annotations

Branches:
Dungeon (5/15)             Temple (0/1) D:5

Shops:
D:5 [

Annotations:
D:1 Robin
D:2 Sigmund


Innate Abilities, Weirdness & Mutations

You have an increased reservoir of magic. (+10% MP)


Message History

Confirm with . or Enter, or press ? or * to list all spells.
Aiming: Magic Dart
Press: ? - help, Shift-Dir - straight line, f/p - gnoll
Aim: a gnoll, wielding a whip of electrocution The magic dart hits the gnoll.
The gnoll is lightly wounded.
The gnoll hits you with a whip of electrocution.
You are electrocuted!
* * * LOW HITPOINT WARNING * * *
Casting: Magic Dart
Confirm with . or Enter, or press ? or * to list all spells.
Aiming: Magic Dart
Press: ? - help, Shift-Dir - straight line, f/p - gnoll
Aim: a gnoll, wielding a whip of electrocution (lightly wounded)
The magic dart hits the gnoll.
The gnoll is moderately wounded.
The gnoll hits you with a whip of electrocution.
* * * LOW HITPOINT WARNING * * *
You are electrocuted!
You die...

...#
#..##..#......#
...#
#..##..########
...#
#.........#
...# ###
###...###.#
...# #$..
#.......#
....)####
###..#####
........#
#......# #g#
#.##...# #@#
#.##...# #.#
#.###..#
#.###># ..#
#.....# .>#
####### ###


You could see a gnoll.

Vanquished Creatures
  2 ogres
  A howler monkey (D:4)
  2 hounds
  A centaur skeleton (D:4)
  An orc wizard (D:3)
  2 orc priests (D:3)
  A bullfrog skeleton (D:4)
  6 worker ants
  A hound zombie (D:5)
  A hound skeleton (D:5)
  6 gnolls
  5 adders
  2 shadow imps (D:5)
  An ooze (D:2)
  An adder skeleton (D:5)
  2 worms (D:2)
  3 leopard geckos
  6 orcs
  9 bats
  5 giant cockroaches
  14 goblins
  20 hobgoblins
  16 jackals
  4 quokkas
  A ball python (D:3)
  7 frilled lizards
  5 kobolds
  8 rats
133 creatures vanquished.

Notes
Turn   | Place    | Note
-------+----------+-------------------------------------------
     0 | D:1      | AlphabetPasta the Demigod Wizard began the quest for the Orb.
     0 | D:1      | Reached XP level 1. HP: 14/14 MP: 6/6
     8 | D:1      | Reached skill level 1 in Conjurations
   304 | D:1      | Reached XP level 2. HP: 20/20 MP: 0/8
   308 | D:1      | Learned a level 2 spell: Blink
   311 | D:1      | Learned a level 2 spell: Repel Missiles
  1402 | D:2      | Found a sacrificial altar of Ru.
  1599 | D:2      | Reached skill level 1 in Air Magic
  1610 | D:2      | Noticed Robin
  1624 | D:2      | Reached XP level 3. HP: 26/26 MP: 1/10
  1633 | D:1      | Learned a level 3 spell: Conjure Flame
  2399 | D:2      | Noticed Sigmund
  3316 | D:3      | Reached XP level 4. HP: 33/33 MP: 7/11
  3659 | D:3      | Reached skill level 1 in Fire Magic
  4199 | D:3      | Reached XP level 5. HP: 13/38 MP: 6/13
  4419 | D:3      | Learned a level 3 spell: Mephitic Cloud
  4758 | D:3      | Found an opulent altar of Gozag.
  4975 | D:3      | Found a hide-covered altar of Uskayaw.
  4975 | D:3      | Found a snail-covered altar of Cheibriados.
  4975 | D:3      | Found a glowing golden altar of the Shining One.
  6097 | D:4      | Reached XP level 6. HP: 44/45 MP: 2/14
  7127 | D:5      | Entered Level 5 of the Dungeon
  7432 | D:5      | Reached XP level 7. HP: 50/50 MP: 13/16
  8043 | D:5      | Found Fipeofo's Armour Emporium.
  8159 | D:5      | Found a burning altar of Makhleb.
  8214 | D:5      | Found a staircase to the Ecumenical Temple.
  8237 | D:5      | Slain by a gnoll

Skill      XL: |  1  2  3  4  5  6  7 |
---------------+----------------------+-----
Conjurations   | 1 2 3 4 |  4.8
Spellcasting   | 3 4 |  4.6
Air Magic      | 1 2 3 |  3.1
Fire Magic     | 1 2 |  2.6
Dodging        | |  1.7
Stealth        | |  1.7
Summonings     | |  0.8
Translocations | |  0.8

Action                   |  1- 3 |  4- 6 |  7- 9 || total
-------------------------+-------+-------+-------++-------
Melee: Unarmed           |    26 |    12 |       ||    38
 Cast: Magic Dart        |   169 |   218 |    65 ||   452
       Repel Missiles    |     1 |     1 |       ||     2
       Conjure Flame     |     2 |       |     1 ||     3
       Mephitic Cloud    |       |     2 |       ||     2
       Blink             |       |     2 |       ||     2
  Use: Scroll            |       |     8 |     1 ||     9
  Eat: Royal jelly       |     1 |       |       ||     1
       Chunk             |     5 |     3 |     1 ||     9
       Meat ration       |       |     2 |       ||     2
       Pizza             |       |     1 |       ||     1
Armor: Robe              |    25 |    21 |     8 ||    54
Dodge: Dodged            |    75 |    55 |     8 ||   138
       Deflected         |     2 |       |       ||     2
